Unix NetHack Version 3.7.0-102 Work-in-progress - last build Apr 6 2024 13:22:21 (d302a6a9ff6341f1a922d8f5af178406b35fdf99,branch:master). Game began 2024-04-30 06:49:11, ended 2024-04-30 07:32:15. MalkMcJorma, chaotic male elven Ranger ---------- ----------- |........| ###........i..# #.........| ## |.........|## #|........| ----------- ## |.........| # ####|........| |..........##### ----------- ## # |..>.Y...| ##..........| # #### ---------- # |.......... # # ---------#### ----------- # # |........###### ## ## |.......|# ###### -----+--- ### # |.......|# ###### |.......| [ # d |........# ##### |.......|########a@## |.......| ###........|# ## ##### ---------------- --------- |.......|## ###.<.............| |........## # |..............| --------- +..............| |..............| ---------------- MalkMcJorma the Lookout St:25 Dx:11 Co:15 In:15 Wi:13 Ch:8 Chaotic Dlvl:7 $:97 HP:0(33) Pw:29(29) AC:0 Xp:5/213 T:2629 Latest messages: m - a studded leather armor. You hear some noises in the distance. Pick an object. What do you want to wield? [- abcd or ?*] b - an uncursed +1 elven bow (weapon in right hand). a - an uncursed +1 elven dagger named Sting (alternate weapon; not wielded). In what direction? You shoot 3 elven arrows. The 1st elven arrow hits the brown pudding! The 2nd elven arrow hits the brown pudding! The 3rd elven arrow hits the brown pudding! You kill the brown pudding! There is a doorway here. You see here 3 blessed +2 elven arrows. c - 3 blessed +2 elven arrows (in quiver) (58 in total). You find a hidden passage. You swap places with Warfrost. Warfrost picks up an iron skull cap. You swap places with Warfrost. Warfrost drops an iron skull cap. You swap places with Warfrost. What do you want to drop? [$a-gilmprJ-LNTVX-Z or ?*] You drop a studded leather armor. You see here a studded leather armor. m - a studded leather armor. What do you want to take off? [egrKL or ?*] You sure are noisy. You were wearing an uncursed +2 elven cloak. What do you want to take off? [gprKL or ?*] You finish taking off your mail. What do you want to wear? [emp or ?*] The fire ant bites! The fire ant bites again! You avoid harm. Warfrost misses the fire ant. The fire ant bites! The fire ant bites again! You avoid harm. Warfrost misses the fire ant. The fire ant misses! The fire ant bites! You're on fire! Warfrost misses the fire ant. The fire ant bites! The fire ant bites again! You're on fire! The fire ant bites! The fire ant bites again! You're on fire! You die... Inventory: Coins ('$') $ - 97 gold pieces Weapons (')') c - 58 blessed +2 elven arrows (in quiver) d - 37 uncursed +0 elven arrows b - an uncursed +1 elven bow (weapon in right hand) a - the uncursed +1 Sting (alternate weapon; not wielded) Armor ('[') K - an uncursed +0 orcish helm (being worn) L - an uncursed +0 pair of gauntlets of power (being worn) X - a blessed +1 pair of kicking boots g - an uncursed +1 pair of speed boots (being worn) r - an uncursed +1 large shield (being worn) e - an uncursed +2 elven cloak p - an uncursed +0 scale mail m - an uncursed +0 studded leather armor (being donned) Comestibles ('%') i - 3 uncursed food rations f - 5 uncursed lembas wafers J - an uncursed tripe ration Z - an uncursed tin of spinach Scrolls ('?') Y - an uncursed scroll of remove curse Potions ('!') l - an uncursed potion of acid Wands ('/') T - an uncursed wand of cold (0:4) Tools ('(') N - an uncursed skeleton key Gems/Stones ('*') V - an uncursed luckstone MalkMcJorma the Ranger's attributes: Background: You were a Lookout, a level 5 male elven Ranger. You were chaotic, nominally on a mission for Mars who was opposed by Mercury (lawful) and Venus (neutral). You were right-handed. You were in the Dungeons of Doom, on level 7. You entered the dungeon 2629 turns ago. You had 213 experience points, 107 more were needed to attain level 6. Basics: You had 0 out of 33 hit points. You had all 29 energy points (spell power). Your armor class was 0. Your wallet contained 97 zorkmids. Autopickup was off. Final Characteristics: Your strength was 25 (base:15, innate limit:18). Your dexterity was 11 (limit:18). Your constitution was 15 (limit:16). Your intelligence was 15 (limit:20). Your wisdom was 13 (limit:20). Your charisma was 8 (limit:18). Final Status: You weren't hungry. You were unencumbered. You were wielding a bow. You had basic skill with bow. Final Attributes: You were piously aligned. You were sleep resistant. You had automatic searching. You had infravision. You were warded. You were very fast. You were lucky. You had extra luck. Bad luck did not time out for you. Good luck did not time out for you. You are dead. Miscellaneous: You disabled loading of bones levels. Total elapsed playing time was 43 minutes and 4 seconds. Major events: Turn 1: MalkMcJorma the chaotic male elven Ranger entered the dungeon 13: became literate by naming Sting 1012: attained the rank of Lookout (level 3) 1182: entered the Gnomish Mines 2250: entered Sokoban 2629: killed by a fire ant, while dressing up Vanquished creatures: a brown pudding an elf zombie 3 floating eyes 2 orc zombies a werejackal an iguana 3 acid blobs 2 gas spores a large kobold a hobgoblin 2 giant rats a brown mold 3 yellow molds a red mold 2 gnomes 3 garter snakes 3 geckos 10 jackals 2 goblins 9 grid bugs 3 bats 4 lichens 3 kobold zombies 8 newts 70 creatures vanquished. No species were genocided or became extinct. Voluntary challenges: You were an atheist. You read items or engraved 5 times. You engraved Elbereth 2 times. You never genocided any monsters. You never polymorphed an object. You never changed form. You used no wishes. You did not violate any of the special Sokoban rules. Achievements: You entered a shop. You attained the rank of Lookout. You entered the Gnomish Mines. You entered Sokoban. The Dungeons of Doom: levels 1 to 9 Level 1: Level 2: "Vault" Level 3: A grave. Stairs down to The Gnomish Mines. Level 4: "Vault" A fountain. Level 5: Many fountains. Oracle of Delphi. Level 6: A fountain. Stairs up to Sokoban, level 5. Level 7: <- You were here. Final resting place for you, killed by a fire ant, while dressing up. Level 8: A fountain. Level 9: The Gnomish Mines: Level 4: Sokoban: Level 5: Unsolved. Game over: ---------- / \ / REST \ / IN \ / PEACE \ / \ | MalkMcJorma | | 97 Au | | killed by a fire | | ant | | | | | | 2024 | *| * * * | * _________)/\\_//(\/(/\)/\//\/|_)_______ Goodbye MalkMcJorma the Ranger... You died in The Dungeons of Doom on dungeon level 7 with 1340 points, and 97 pieces of gold, after 2629 moves. You were level 5 with a maximum of 33 hit points when you died.